 Dungeon Crawl Stone Soup version 0.31-a0-656-gb4d89c20fa (webtiles) character file.

Game seed: 8657227583050130527

826 heikuro the Shield-Bearer (level 8, -3/62 HPs)
             Began as a Formicid Fighter on Aug 30, 2023.
             Slain by Edmund
             ... wielding a +7 flail of distortion
              (5 damage)
             ... on level 5 of the Dungeon.
             The game lasted 00:07:44 (4644 turns).

heikuro the Shield-Bearer (Formicid Fighter)        Turns: 4644, Time: 00:07:45

Health: -3/62      AC: 12    Str: 23    XL:     8   Next: 17%
Magic:  8/8        EV:  6    Int:  8    God:
Gold:   235        SH:  5    Dex: 13    Spells: 7/7 levels left

rFire   . . .        a - +0 war axe
rCold   . . .        c - +0 buckler
rNeg    . . .        B - +0 plate armour
rPois   .            (helmet unavailable)
rElec   .            (no cloak)
rCorr   .            (no gloves)
SInv    +            (no boots)
Will    .....        (no amulet)
Stlth   x              - ring of flight
HPRegen 0.30/turn    (no ring)
MPRegen 0.11/turn

%: no passive effects
@: flying
A: permanent stasis, dig shafts and tunnels, antennae 3, four strong arms
a: Dig, Shaft Self


You were on level 5 of the Dungeon.
You visited 1 branch of the dungeon, and saw 5 of its levels.

You collected 235 gold pieces.

Inventory:

Hand Weapons
 a - a +0 war axe (weapon)
 A - a +4 mace
Missiles
 m - 8 boomerangs
 C - 4 poisoned darts
Armour
 c - a +0 buckler (worn)
 B - a +0 plate armour (worn)
Jewellery
 x - a ring of flight (left hand)
Wands
 w - a wand of polymorph (4)
 y - a wand of charming (6)
Scrolls
 b - a scroll of noise {unknown}
 e - 2 scrolls of silence {unknown}
 g - a scroll of enchant armour {unknown}
 i - a scroll of vulnerability {unknown}
 l - a scroll of identify {unknown}
 r - a scroll of teleportation {unknown}
 s - a scroll of amnesia {unknown}
 t - a scroll of acquirement {unknown}
 z - 2 scrolls of fog {unknown}
Potions
 d - a potion of might
 f - 2 potions of invisibility {unknown}
 h - 3 potions of attraction {unknown}
 j - a potion of heal wounds {unknown}
 k - a potion of ambrosia {unknown}
 n - 2 potions of curing {unknown}
 o - a potion of degeneration {unknown}
 p - a potion of enlightenment {unknown}
 q - a potion of lignification {unknown}
 u - a potion of brilliance {unknown}
 v - 2 potions of resistance {unknown}


   Skills:
 + Level 5.3 Fighting
 * Level 5.8 Axes
 + Level 5.3 Armour
 + Level 6.4 Shields


You had 7 spell levels left.
You didn't know any spells.
Your spell library contained the following spells:

 Spells                   Type           Power      Damage    Failure   Level
 Sandblast                Erth           0%         2d4       100%        1
 Passwall                 Tmut/Erth      0%         N/A       100%        2
 Sublimation of Blood     Necr           0%         N/A       100%        2
 Wereblood                Tmut           0%         N/A       100%        2
 Stone Arrow              Conj/Erth      0%         3d7       100%        3
 Summon Hydra             Summ           0%         N/A       100%        7


Dungeon Overview and Level Annotations

Branches:
Dungeon (5/15)
 Temple: D:4-7

Altars:
Dithmenos

Annotations:
D:5 Edmund


Innate Abilities, Weirdness & Mutations

You cannot be hasted, slowed, berserked, paralysed or teleported.
You can dig through walls and to a lower floor.
You have a pair of large antennae on your head. (SInv)
Your four strong arms can wield two-handed weapons with a shield.


Message History

You hit the phantom.
The phantom is heavily damaged.
The phantom hits you but does no damage.
You hit the phantom.
The phantom is severely damaged.
The phantom hits you but does no damage.
The phantom hits you.
You slash the phantom!
The phantom is almost destroyed.
The phantom hits you.
You closely miss the phantom.
The phantom is almost destroyed.
The phantom hits you.
You slash the phantom!
You destroy the phantom!
No target in view!
No target in view!
No target in view!
Found a stone staircase leading down.
Found a scale mail.
Edmund the Younger comes into view.
He is wielding a +7 flail of distortion.
Edmund shouts!
You barely miss Edmund. You block Edmund's attack.
You slash Edmund!
Edmund is moderately wounded.
Edmund barely misses you.
You barely miss Edmund.
Edmund is moderately wounded.
Edmund hits you with a +7 flail of distortion.
Space warps horribly around you!!
Edmund hits you with a +7 flail of distortion!
Space warps horribly around you!!
* * * LOW HITPOINT WARNING * * *
You barely miss Edmund.
Edmund is moderately wounded.
Edmund hits you with a +7 flail of distortion.
* * * LOW HITPOINT WARNING * * *
Space warps around you.
You die...
Edmund whines, "They better pay attention to me now!"

#..................##..
#..................#..[
#......................
#......................
#......................
##......................
##......................#
................@......##
................@.....##
......................##.
.........................
.........................
......................###
.....†.........>......#
......................#
......................#
......................#


You could see Edmund.

Vanquished Creatures
  A water moccasin (D:5)
  An ogre (D:4)
  2 phantoms
  A bullfrog (D:4)
  A scorpion (D:4)
  A wight (D:4)
  2 hounds (D:4)
  An iguana (D:4)
  An orc wizard (D:4)
  8 adders
  2 gnolls
  3 worms
  6 dart slugs
  8 orcs
  13 endoplasms
  6 giant cockroaches
  5 goblins
  8 hobgoblins
  6 kobolds
  A quokka (D:3)
  7 ball pythons
  9 bats
  4 frilled lizards
  5 rats
102 creatures vanquished.

Vanquished Creatures (others)
  An orc wizard (D:4)
1 creature vanquished.

Grand Total: 103 creatures vanquished

Notes
Turn   | Place    | Note
-------+----------+-------------------------------------------
     0 | D:1      | heikuro the Formicid Fighter began the quest for the Orb.
     0 | D:1      | Reached XP level 1. HP: 18/18 MP: 1/1
   180 | D:1      | Reached XP level 2. HP: 24/24 MP: 2/2
   509 | D:1      | Reached XP level 3. HP: 29/29 MP: 3/3
  1003 | D:2      | Reached XP level 4. HP: 37/37 MP: 4/4
  2174 | D:3      | Reached XP level 5. HP: 42/42 MP: 5/5
  2212 | D:3      | Found a shadowy altar of Dithmenos.
  3248 | D:4      | Reached skill level 5 in Shields
  3331 | D:4      | Reached XP level 6. HP: 33/48 MP: 6/6
  3663 | D:4      | Reached XP level 7. HP: 28/55 MP: 7/7
  3786 | D:4      | Reached skill level 5 in Axes
  3985 | D:4      | Reached skill level 6 in Shields
  4061 | D:4      | Reached skill level 5 in Armour
  4067 | D:4      | Reached skill level 5 in Fighting
  4293 | D:5      | Entered Level 5 of the Dungeon
  4357 | D:5      | Noticed a water moccasin
  4381 | D:5      | Killed a water moccasin
  4382 | D:5      | Reached XP level 8. HP: 32/62 MP: 8/8
  4633 | D:5      | Noticed Edmund
  4644 | D:5      | HP: 2/62 [Edmund/+7 flail of distortion (4)]
  4644 | D:5      | Slain by Edmund

Illustrated notes

Levels and vault maps discovered:
D:1:      dpeg_arrival_shelter, layout_loops_corners, minmay_hexomino_p4
D:2:      layout_basic
D:3:      layout_loops_corners, mainiacjoe_overflow_tiny_flanked
D:4:      layout_basic, nzn_random_ring
D:5:      layout_layer_cave, mainiacjoe_overflow_two_lobes, lemuel_tele_altar,
          temple_doors_cd, uniq_edmund

Skill      XL: |  1  2  3  4  5  6  7 |
---------------+----------------------+-----
Axes           | 3 4 5 |  5.8
Armour         | 4 5 |  5.3
Fighting       | 4 5 |  5.3
Shields        | 5 6 |  6.4

Action                     |  1- 3 |  4- 6 |  7- 9 || total
---------------------------+-------+-------+-------++-------
  Melee: War axe           |    69 |   149 |   102 ||   320
         Whip              |       |    13 |       ||    13
Ability: Dig               |       |     2 |       ||     2
 Armour: Scale mail        |    31 |    74 |    28 ||   133
         Plate armour      |       |       |     9 ||     9
  Dodge: Dodged            |    31 |    81 |    49 ||   161
  Block: Buckler           |    20 |    43 |    31 ||    94

Table legend: (Time is in decaauts)
 A = Elapsed time spent in this place.
 B = Non-inter-level travel time spent in this place.
 C = Inter-level travel time spent in this place.
 D = Time resting spent in this place.
 E = Time spent auto-exploring this place.
 F = Levels seen in this place.
 G = Mean time per level.
                   A        B        C        D        E       F      G
               +--------+--------+--------+--------+--------+-----+--------+
         Total |   4751 |   4617 |    134 |    646 |   2771 |   5 |  950.2 |
       Dungeon |   4751 |   4617 |    134 |    646 |   2771 |   5 |  950.2 |
               +--------+--------+--------+--------+--------+-----+--------+

Top non-repeatable levels by time:
     D:3: 1253 daAuts
     D:2: 1139 daAuts
     D:4: 1031 daAuts
     D:1: 970 daAuts
     D:5: 357 daAuts
